Map: Submarine LE

Players

LiquidTLO (TLO)

  • Race: Zerg Zerg
  • League: Master
  • Spawn Location: 5:00

Namshar - Winner!

  • Race: Zerg Zerg
  • League: Master
  • Spawn Location: 11:00

Event: DreamHack SC2 Masters 2020 Summer North America

VOD

Have the link to the VOD?

Description

Time

  • Played on: July 9, 2020, 4:57 p.m.
  • Length: 12:45

All games in this series

Show
View Real Time Build Order
Export as new Build Order

LiquidTLO Zerg 

Build Orders: Pool First 

Get SALT Encoding   

  12  0:17  Spawning Pool  
  11  0:21  Drone  
  11  0:26  Drone  
  13  0:30  Drone  
  14  0:40  Overlord  
  14  1:04  Zergling x2  
  15  1:07  Hatchery  
  15  1:11  Zergling x2  
  15  1:15  Zergling x2  
  16  1:19  Zergling x2  
  17  1:26  Zergling x2  
  18  1:34  Queen  
  20  1:43  Overlord  
  20  1:47  Drone  
  21  2:02  Drone  
  22  2:10  Queen  
  22  2:13  Drone  
  25  2:20  Queen  
  25  2:21  Drone  
  28  2:28  Drone  
  29  2:31  Drone  
  29  2:33  Drone  
  29  2:42  Overlord  
  29  2:43  Drone  
  29  2:44  Drone  
  29  2:46  Drone  
  29  2:49  Drone  
  32  2:53  Drone  
  32  2:55  Drone  
  34  3:07  Drone x2, Extractor  
  34  3:08  Extractor  
  34  3:12  Drone  
  35  3:14  Drone  
  35  3:15  Drone  
  35  3:16  Drone x2  
  35  3:17  Drone  
  35  3:19  Drone  
  41  3:25  Evolution Chamber, Drone  
  41  3:27  Drone  
  41  3:31  Overlord  
  42  3:36  Drone  
  43  3:45  Roach Warren  
  43  3:46  Drone  
  43  3:47  Overlord  
  43  3:50  Extractor  
  43  3:54  Drone  
  43  3:56  Drone x3  
  43  3:58  Overlord  
  46  4:04  Overlord  
  46  4:09  Lair  
  46  4:26  Roach x3  
  46  4:30  Roach  
  46  4:31  Roach x3  
  60  4:32  Extractor  
  60  4:36  Roach x2  
  60  4:38  Drone  
  64  4:39  Roach  
  64  4:41  Drone  
  64  4:44  Drone  
  68  4:49  Drone x2  
  68  4:50  Drone  
  71  4:53  Drone  
  71  4:56  Drone  
  73  5:03  Drone  
  73  5:04  Drone  
  75  5:08  Spire  
  75  5:10  Drone  
  75  5:11  Drone  
  74  5:17  Overlord  
  74  5:24  Overlord  
  74  5:35  Glial Reconstitution, Zerg Missile Weapons Level 1  
  74  5:36  Hatchery  
  74  5:40  Roach  
  74  5:41  Roach  
  77  5:47  Roach x2  
  77  5:48  Roach  
  83  5:55  Roach  
  85  5:58  Roach  
  85  6:03  Overlord  
  77  6:05  Spine Crawler x2  
  77  6:06  Overlord  
  77  6:10  Drone  
  76  6:21  Mutalisk x4  
  76  6:24  Mutalisk  
  86  6:28  Overlord  
  86  6:30  Drone x3  
  91  6:33  Drone  
  91  6:35  Overlord  
  92  6:42  Spine Crawler  
  92  6:44  Roach, Spine Crawler  
  92  6:46  Evolution Chamber  
  91  6:47  Roach  
  91  6:53  Roach x2  
  97  6:56  Roach  
  97  6:58  Roach  
  97  7:01  Roach  
  92  7:05  Roach  
  92  7:06  Roach  
  92  7:08  Roach  
  90  7:13  Roach  
  90  7:14  Roach  
  88  7:15  Roach  
  88  7:18  Roach  
  88  7:20  Roach  
  84  7:27  Roach  
  83  7:30  Drone  
  83  7:32  Drone  
  83  7:36  Drone  
  80  7:40  Drone  
  81  7:48  Zerg Missile Weapons Level 2  
  81  7:51  Drone  
  81  7:52  Drone  
  81  7:55  Drone  
  84  7:59  Drone  
  84  8:00  Drone  
  84  8:03  Hydralisk Den, Drone  
  84  8:04  Drone  
  87  8:06  Drone  
  87  8:08  Drone  
  87  8:12  Drone x2  
  91  8:15  Overseer  
  91  8:16  Drone  
  91  8:19  Extractor x2  
  90  8:20  Queen  
  90  8:23  Roach  
  90  8:24  Roach  
  90  8:25  Drone  
  97  8:30  Roach x2  
  97  8:33  Roach  
  103  8:38  Roach  
  103  8:39  Roach  
  103  8:40  Roach  
  109  8:41  Roach  
  109  8:42  Drone  
  109  8:43  Drone  
  109  8:46  Overseer  
  113  8:50  Roach x2  
  113  8:52  Hydralisk  
  119  8:57  Overlord  
  119  9:05  Hydralisk x3  
  119  9:07  Burrow  
  119  9:09  Tunneling Claws  
  125  9:11  Drone  
  125  9:12  Overseer  
  125  9:13  Roach  
  128  9:18  Drone  
  128  9:19  Overlord  
  128  9:23  Overlord  
  129  9:27  Overlord  
  129  9:32  Grooved Spines  
  129  9:33  Roach x3  
  129  9:36  Zerg Ground Armor Level 1  
  135  9:39  Roach  
  135  9:40  Ravager x5  
  135  9:42  Roach  
  135  9:45  Roach  
  146  9:47  Roach  
  146  9:48  Roach  
  150  9:53  Hydralisk, Overlord  
  150  9:57  Pneumatized Carapace  
  150  9:59  Overlord  
  152  10:04  Hydralisk x2  
  156  10:09  Hydralisk x2  
  156  10:13  Hydralisk x2  
  160  10:17  Ravager x3  
  165  10:21  Spore Crawler  
  165  10:23  Roach, Spore Crawler  
  165  10:27  Roach x2  
  165  10:28  Spore Crawler  
  168  10:31  Hydralisk  
  170  10:36  Overlord x2  
  170  10:47  Roach  
  170  10:49  Overlord  
  167  10:52  Hydralisk, Overlord  
  167  10:53  Hydralisk  
  167  10:56  Hydralisk  
  167  10:57  Hydralisk  
  167  11:00  Ravager x5  
  167  11:03  Queen  
  178  11:04  Roach  
  178  11:09  Overlord  
  180  11:11  Hydralisk  
  180  11:13  Roach  
  184  11:19  Hydralisk  
  184  11:20  Hydralisk  
  184  11:21  Hydralisk  
  190  11:26  Hydralisk  
  190  11:29  Roach  
  194  11:35  Roach x3  
  200  11:54  Hatchery  
  200  11:57  Roach  
  200  11:58  Roach  
  191  12:02  Roach  
  191  12:03  Roach  
  191  12:05  Roach x2  
  191  12:06  Roach x3  
  166  12:09  Roach  
  166  12:11  Roach  
  166  12:12  Roach  
  166  12:13  Roach  
Show
View Real Time Build Order
Export as new Build Order

Namshar Zerg - Winner!

Build Orders: Pool First 

Get SALT Encoding   

  12  0:00  Drone  
  13  0:12  Overlord  
  13  0:16  Drone  
  14  0:30  Drone x2  
  14  0:34  Drone  
  17  0:43  Spawning Pool  
  17  0:47  Drone  
  17  1:07  Hatchery  
  17  1:09  Extractor  
  15  1:11  Drone  
  15  1:15  Drone  
  17  1:29  Queen  
  17  1:31  Zergling x2  
  20  1:36  Overlord  
  20  1:44  Zergling x2  
  21  1:47  Spine Crawler  
  21  1:51  Zergling x2  
  21  2:00  Zergling x2  
  23  2:14  Queen  
  25  2:18  Drone  
  27  2:22  Drone  
  27  2:23  Drone  
  27  2:33  Drone x2  
  28  2:38  Drone  
  28  2:39  Drone x2  
  28  2:43  Metabolic Boost  
  31  2:50  Drone  
  32  2:53  Overlord  
  32  3:00  Drone  
  32  3:01  Drone  
  33  3:06  Drone  
  34  3:13  Drone x4  
  38  3:22  Hatchery  
  38  3:26  Drone x2  
  39  3:30  Drone x2  
  39  3:34  Overlord  
  41  3:39  Drone  
  43  3:41  Zergling x2  
  43  3:43  Zergling x2  
  43  3:48  Evolution Chamber, Overlord  
  44  3:52  Drone x3  
  46  3:58  Roach Warren  
  45  4:05  Drone x5  
  49  4:12  Drone  
  49  4:14  Lair  
  50  4:18  Extractor  
  50  4:19  Drone x3  
  50  4:20  Extractor  
  50  4:22  Drone x2  
  53  4:26  Drone x3  
  55  4:34  Drone x3  
  58  4:41  Zergling x2  
  59  4:46  Zergling x4  
  59  4:49  Overlord x2  
  59  4:51  Zerg Missile Weapons Level 1  
  61  4:56  Roach x2  
  61  4:57  Spine Crawler  
  64  5:01  Overlord x2  
  64  5:04  Roach  
  64  5:12  Overlord  
  64  5:13  Roach x4  
  71  5:15  Queen  
  71  5:18  Glial Reconstitution  
  72  5:21  Roach  
  72  5:24  Roach x2  
  72  5:27  Roach x2  
  82  5:31  Roach  
  82  5:35  Roach x2  
  85  5:40  Roach x2  
  88  5:48  Roach x3  
  89  5:53  Queen  
  89  6:03  Drone x3  
  90  6:05  Overlord  
  90  6:07  Drone x4  
  90  6:08  Overseer  
  90  6:11  Drone  
  95  6:20  Overlord  
  95  6:22  Roach x5  
  111  6:32  Roach  
  111  6:33  Roach x3  
  111  6:38  Evolution Chamber  
  112  6:45  Overlord x2  
  112  6:46  Overlord  
  112  6:47  Zerg Missile Weapons Level 2  
  112  6:48  Extractor  
  112  6:49  Extractor  
  112  6:51  Queen x2  
  114  6:59  Drone x3  
  109  7:04  Queen  
  101  7:20  Spore Crawler  
  101  7:21  Hydralisk Den, Drone x3, Spore Crawler  
  101  7:22  Spore Crawler  
  88  7:27  Queen x2  
  88  7:28  Roach x3  
  88  7:36  Roach x4  
  86  7:40  Roach, Queen  
  86  7:41  Roach x2  
  92  7:48  Spore Crawler  
  92  7:49  Roach  
  92  7:50  Roach x3  
  99  7:55  Roach x2  
  103  8:00  Roach  
  103  8:02  Zerg Ground Armor Level 1  
  105  8:08  Overlord  
  105  8:13  Roach x2  
  105  8:16  Grooved Spines  
  109  8:22  Extractor  
  109  8:23  Drone x11  
  119  8:35  Drone, Overlord  
  119  8:36  Drone x2  
  119  8:40  Lurker Den  
  121  8:44  Overlord x3  
  121  8:49  Overlord x2  
  121  8:53  Tunneling Claws  
  121  8:56  Pneumatized Carapace, Burrow  
  121  9:00  Overlord x2  
  121  9:03  Ravager  
  121  9:05  Overseer  
  122  9:16  Roach x5  
  132  9:25  Hatchery  
  132  9:27  Overlord  
  132  9:29  Roach x5  
  141  9:45  Extractor  
  141  9:49  Ravager x2  
  141  9:50  Roach, Ravager  
  141  9:51  Roach x8  
  161  10:06  Overlord x4  
  161  10:08  Muscular Augments  
  161  10:19  Roach x7  
  175  10:24  Roach x11  
  175  10:32  Drone  
  175  10:33  Infestation Pit  
  175  10:34  Roach x5  
  185  10:48  Roach  
  185  10:49  Roach x6  
  197  10:55  Hydralisk x3  
  195  11:05  Roach x30  
  195  11:08  Extractor  
  194  11:11  Drone x2  
  194  11:12  Spore Crawler  
  194  11:13  Spine Crawler  
  194  11:17  Ravager x3  
  197  11:21  Overseer x2  
  197  11:22  Hive  
  197  11:34  Lurker x2  
  197  11:35  Lurker, Spore Crawler  
  197  11:36  Spore Crawler  
  197  11:37  Roach x14  
  198  11:49  Hydralisk  
  200  12:01  Hydralisk x3  
  194  12:02  Roach x3  
  194  12:04  Roach x2  
  186  12:08  Roach x3  
  186  12:09  Roach x5  
  167  12:16  Roach x6  
  167  12:20  Roach  
  167  12:21  Roach  
  171  12:26  Roach Warren  
Tags
 
Add a new tag
Caveats
  • Supply blocks, unpowered buildings, or Contaminate may cause inaccurate times.
  • Supply counts are checked every 10 seconds.